 Dungeon Crawl Stone Soup version 0.32-a0-876-gcfddb08e57 (webtiles) character file.

Game seed: 14659928256523113676

194 Autsider the Magician (level 5, -2/31 HPs)
             Began as a Deep Elf Hedge Wizard on Mar 31, 2024.
             Succumbed to a scorpion's poison
             ... on level 3 of the Dungeon.
             The game lasted 00:09:42 (4056 turns).

Autsider the Magician (Deep Elf Hedge Wizard)       Turns: 4056, Time: 00:09:43

Health: -2/31      AC:  4    Str:  7    XL:     5   Next: 44%
Magic:  1/13       EV: 11    Int: 21    God:
Gold:   282        SH:  0    Dex: 14    Spells: 6/12 levels left

rFire   . . .        (no weapon)
rCold   . . .        (no shield)
rNeg    . . .        b - +0 robe
rPois   .            n - +1 helmet
rElec   .            (no cloak)
rCorr   .            (no gloves)
SInv    .            (no boots)
Will    .....        (no amulet)
Stlth   ++           (no ring)
HPRegen 0.25/turn    (no ring)
MPRegen 0.13/turn

%: no passive effects
@: lethally poisoned (-2 -> -15)
A: no striking features
a: no special abilities


You were on level 3 of the Dungeon.
You visited 1 branch of the dungeon, and saw 4 of its levels.

You collected 282 gold pieces.

Inventory:

Armour
 b - a +0 robe (worn)
 c - a +0 hat
 m - a +0 leather armour of willpower
 n - a +1 helmet (worn)
 r - a +2 hat
Jewellery
 j - a ring of fire
Wands
 q - a wand of polymorph (8)
Scrolls
 e - 2 scrolls of noise {unknown}
 f - 2 scrolls of immolation {unknown}
 g - a scroll of fog {unknown}
 h - a scroll of silence {unknown}
 k - 2 scrolls of identify {unknown}
 l - a scroll of brand weapon {unknown}
Potions
 a - a potion of mutation
 d - a potion of magic
 i - 2 potions of might {unknown}
 o - 2 potions of curing {unknown}
 p - a potion of cancellation {unknown}


   Skills:
 + Level 2.3 Fighting
 - Level 2.4 Dodging
 - Level 2.4 Stealth
 - Level 4.4 Spellcasting
 + Level 3.4 Conjurations
 + Level 3.4 Summonings
 - Level 1.1 Translocations


You had 6 spell levels left.
You knew the following spells:

 Your Spells              Type           Power      Damage    Failure   Level
a - Magic Dart            Conj           72%        1d6       2%          1
b - Mephitic Cloud        Conj/Alch/Air  9%         N/A       22%         3
A - Call Imp              Summ           38%        N/A       4%          2

Your spell library contained the following spells:

 Spells                   Type           Power      Damage    Failure   Level
 Summon Small Mammal      Summ           76%        N/A       2%          1
 Sting                    Conj/Alch      44%        1d5       6%          1
 Apportation              Tloc           18%        N/A       8%          1
 Blink                    Tloc           18%        N/A       11%         2
 Necrotise                Necr           16%        1d4       12%         1
 Slow                     Hex            16%        N/A       12%         1
 Cigotuvi's Dreadful Rot  Necr/Alch/Air  8%         N/A       17%         2
 Summon Forest            Summ/Tloc      7%         N/A       77%         5
 Eringya's Noxious Bog    Alch           2%         4d6       100%        6
 Summon Hydra             Summ           9%         N/A       100%        7


Dungeon Overview and Level Annotations

Branches:
Dungeon (4/15)
 Temple: D:4-7

Altars:


Message History

The scorpion attacks as it pursues you! The scorpion stings you.
* * * LOW HITPOINT WARNING * * *
You are more poisoned.
The scorpion poisons you!
An iguana comes into view.
You feel sick.
The iguana hisses angrily.
The scorpion attacks as it pursues you! The scorpion barely misses you.
You feel sick.
You feel sick.
You see here a +0 helmet.
You feel sick. The scorpion barely misses you.
You feel sick.
Your cerulean imp hits the scorpion from afar with a -3 spear.
The scorpion closely misses you.
You feel sick.
Your cerulean imp hits the scorpion from afar with a -3 spear.
You feel sick.
Your cerulean imp hits the scorpion but does no damage.
The scorpion stings your cerulean imp!
You feel sick. The scorpion misses your cerulean imp.
Your cerulean imp barely misses the scorpion.
You feel sick.
You are no longer poisoned.
Your cerulean imp disappears in a puff of smoke!
There is a stone staircase leading up here.
The scorpion stings you.
* * * LOW HITPOINT WARNING * * *
You climb upwards.
There is a stone staircase leading down here.
Casting: Magic Dart (safe; 2% risk of failure)
Confirm with . or Enter, or press ? or * to list all spells.
A tiny devil pulls itself out of the air.
The scorpion stings you.
* * * LOW HITPOINT WARNING * * *
You are lethally poisoned!
The scorpion poisons you!
It was a potion of mutation.
You feel extremely strange.
You feel stupid.
You feel clever.
You die...

#.## ##..).#########.###.## #.#
...###......#######.## ##.# #.##
.#..#..#.............###.## ##.##
###...###.....####....#.#####.#..
.#..'..#......+..............###.
...##.........####....#.###.## ##
#..###........# #.......##.## #
..<# ##.....#.###.###.#####.## ##
..## ##...##..s@.....# ##.###.
### ##'#######.##### #..#.. #.#
#5# #.#.#. #.# #.# #.###. ###
##.## #.# #.# ## ..# ##...## #.#
#.# #.# #.....## #.# #.####
#(######.(.#.## #.# #.....
.......##.#.#.###.# #####.


You could see a scorpion (ally target) and a friendly cerulean imp (summoned).

Vanquished Creatures
  A bombardier beetle (D:3)
  Jessica (D:3)
  An iguana (D:4)
  3 adders
  4 dart slugs
  2 ribbon worms
  11 endoplasms
  3 giant cockroaches
  4 goblins
  5 hobgoblins
  2 jackals (D:2)
  7 kobolds
  4 quokkas
  7 ball pythons
  3 bats
  3 frilled lizards
  7 rats
68 creatures vanquished.

Vanquished Creatures (collateral kills)
  An endoplasm (D:4)
  A jackal (D:2)
2 creatures vanquished.

Grand Total: 70 creatures vanquished

Notes
Turn   | Place    | Note
-------+----------+-------------------------------------------
     0 | D:1      | Autsider the Deep Elf Hedge Wizard began the quest for the
                  | Orb.
     0 | D:1      | Reached XP level 1. HP: 10/10 MP: 7/7
   306 | D:1      | Reached XP level 2. HP: 16/16 MP: 3/9
   573 | D:1      | Reached skill level 1 in Fighting
   747 | D:1      | Learned a level 2 spell: Call Imp
   791 | D:1      | Reached XP level 3. HP: 20/20 MP: 7/10
  1844 | D:2      | Learned a level 3 spell: Mephitic Cloud
  2355 | D:2      | Reached XP level 4. HP: 25/25 MP: 9/12
  3452 | D:3      | Reached XP level 5. HP: 30/30 MP: 6/13
  3507 | D:3      | Noticed Jessica
  3532 | D:3      | Killed Jessica
  4055 | D:3      | HP: 1/31 [scorpion (4)]
  4056 | D:3      | Gained mutation: You are dopey. (Int -2) [potion of
                  | mutation]
  4056 | D:3      | Lost mutation: You are dopey. (Int -2) [potion of mutation]
  4056 | D:3      | Succumbed to a scorpion's poison

Illustrated notes

Levels and vault maps discovered:
D:1:      matt_arrival_refuge, layout_rooms, serial_park_tiny_1,
          patterned_corridor
D:2:      layout_loops_cross
D:3:      layout_loops_corners, minmay_strange_pillars, serial_bayou_pond_e,
          uniq_jessica
D:4:      layout_basic, mainiacjoe_overflow_small_starburst,
          grunt_decor_mini_mirrors, item_on_display_b

Skill      XL: |  1  2  3  4 |
---------------+-------------+-----
Fighting       | 1 2 |  2.3
Conjurations   | 2 3 |  3.4
Summonings     | 2 3 |  3.4
Dodging        | |  2.4
Stealth        | |  2.4
Spellcasting   | |  4.4
Translocations | |  1.1

Action                     |  1- 3 |  4- 6 || total
---------------------------+-------+-------++-------
  Melee: Unarmed           |    24 |    17 ||    41
   Cast: Magic Dart        |   153 |    69 ||   222
         Call Imp          |     2 |     7 ||     9
    Use: Potion            |       |     1 ||     1
 Armour: Robe              |    25 |    11 ||    36
         Skin              |       |     3 ||     3
  Dodge: Dodged            |    35 |    26 ||    61

Table legend: (Time is in decaauts)
 A = Elapsed time spent in this place.
 B = Non-inter-level travel time spent in this place.
 C = Inter-level travel time spent in this place.
 D = Time resting spent in this place.
 E = Time spent auto-exploring this place.
 F = Levels seen in this place.
 G = Mean time per level.
                   A        B        C        D        E       F      G
               +--------+--------+--------+--------+--------+-----+--------+
         Total |   4056 |   3904 |    152 |    362 |   2823 |   4 | 1014.0 |
       Dungeon |   4056 |   3904 |    152 |    362 |   2823 |   4 | 1014.0 |
               +--------+--------+--------+--------+--------+-----+--------+

Top non-repeatable levels by time:
     D:2: 1441 daAuts
     D:1: 1303 daAuts
     D:3: 1153 daAuts
     D:4: 157 daAuts
